WCHLSIM.com - West Coast Hockey League
html PUBLIC "-//W3C//DTD XHTML 1.0 Transitional//EN" "http://www.w3.org/TR/xhtml1/DTD/xhtml1-transitional.dtd"> WCHL - Game 699 - TEXAS TOROS vs ANCHORAGE ACES

TEXAS TOROS vs ANCHORAGE ACES

Created - 24 février 2021 at 21:16

Goals
1 2 3 T
TEXAS TOROS 1 0 0 1
ANCHORAGE ACES 0 3 2 5
Shots
1 2 3 T
TEXAS TOROS 3 10 8 21
ANCHORAGE ACES 13 14 20 47

1st period

1. TEXAS TOROS , Tyson Barrie 6 (Mats Zuccarello 8, Morgan Klimchuk 2) at 6:41

Penalties :
No Penalty

2nd period

2. ANCHORAGE ACES , Nikolaj Ehlers 20 (Seth Jones 17, Connor McDavid 41) at 6:39
3. ANCHORAGE ACES , Jakob Silfverberg 16 (Phillip Danault 27, Chris Kreider 20) at 13:49
4. ANCHORAGE ACES , Nikolaj Ehlers 21 (Nathan MacKinnon 30, Connor McDavid 42) at 19:13

Penalties :
Nathan Beaulieu (ANC) for Hooking (Minor) at 16:44, James Reimer (ANC) for Slashing (Minor) at 16:56 - Ben Chiarot served the penalty.

3rd period

5. ANCHORAGE ACES , Seth Jones 9 (Phillip Danault 28) at 13:21
6. ANCHORAGE ACES , Seth Jones 10 (Nathan MacKinnon 31, Shea Weber 16) at 13:57 (PP)

Penalties :
Madison Bowey (TEX) for Holding (Minor) at 13:29

Goalie Stats

Cory Schneider (TEX), 42 saves from 47 shots - (0,894), L, 3-12-0, 60:00 minutes
James Reimer (ANC), 20 saves from 21 shots - (0,952), W, 11-1-1, 60:00 minutes

Players Stats for TEXAS TOROS

Player Name              G  A  P  +/- PIM S  H  SB GA TA FO     MP     PP MP  PK MP  
------------------------------------------------------------------------------------
Aaron Ekblad             0  0  0   0  0   0  0  0  0  0  0/0     1:52   0:00   0:00 
Braydon Coburn           0  0  0  -2  0   0  2  0  0  0  0/0    19:39   0:42   0:22 
Brock McGinn             0  0  0  -1  0   2  2  0  0  0  0/1    17:11   0:42   0:28 
Conor Sheary             0  0  0  -1  0   3  0  0  0  0  1/2    20:11   1:29   0:00 
Dale Weise               0  0  0  -1  0   0  3  0  0  0  2/4    12:22   1:02   0:00 
Dante Fabbro             0  0  0  -1  0   0  0  2  0  0  0/0    16:29   0:27   0:00 
Denis Malgin             0  0  0  -1  0   1  0  0  0  0  1/2    16:43   0:42   0:00 
Jake Virtanen            0  0  0  -1  0   0  0  1  0  0  0/0    20:11   1:29   0:00 
Madison Bowey            0  0  0   0  2   0  2  3  0  0  0/0    21:53   1:02   0:00 
Mats Zuccarello          0  1  1  -1  0   3  0  0  0  0  5/16   22:38   0:00   0:00 
Morgan Klimchuk          0  1  1   0  0   1  1  0  0  0  0/1    11:18   0:00   0:00 
Nazem Kadri              0  0  0  -1  0   6  2  0  0  0  13/26  18:42   0:00   0:00 
Sven Baertschi           0  0  0  -1  0   2  0  0  0  0  0/1    11:20   0:00   0:00 
Taylor Raddysh           0  0  0   0  0   0  1  0  0  0  0/7    11:18   0:00   0:00 
Thomas Schemitsch        0  0  0  -1  0   0  4  1  0  0  0/0    16:08   0:00   0:06 
Tyson Barrie             1  0  1   0  0   3  1  2  0  0  0/0    24:19   1:29   0:06 
Valtteri Filppula        0  0  0  -1  0   0  0  2  0  0  6/17   17:38   1:09   0:28 
Vince Dunn               0  0  0  -2  0   0  0  1  0  0  0/0    19:39   0:42   0:22 

Players Stats for ANCHORAGE ACES

Player Name              G  A  P  +/- PIM S  H  SB GA TA FO     MP     PP MP  PK MP  
------------------------------------------------------------------------------------
Artturi Lehkonen         0  0  0   0  0   4  0  0  0  0  0/1    11:08   0:00   0:00 
Ben Chiarot              0  0  0   0  0   2  0  1  0  0  0/0    19:14   0:00   0:08 
Cal Clutterbuck          0  0  0   0  0   3  3  0  0  0  0/0    12:52   0:00   0:51 
Carl Gunnarsson          0  0  0   1  0   2  1  2  0  0  0/0    16:44   0:00   0:46 
Chris Kreider            0  1  1   1  0   4  3  0  0  0  2/3    19:29   0:28   0:00 
Connor McDavid           0  2  2   2  0   5  1  0  0  0  16/27  20:30   0:28   0:00 
Curtis Lazar             0  0  0   0  0   0  0  0  0  0  10/12  12:01   0:00   0:00 
Jacob de la Rose         0  0  0   0  0   0  0  0  0  0  5/6     6:25   0:00   0:08 
Jakob Silfverberg        1  0  1   1  0   5  0  0  0  0  0/1    19:17   0:00   0:16 
Michael Frolik           0  0  0   0  0   1  0  0  0  0  0/1     6:17   0:00   0:00 
Nate Thompson            0  0  0   0  0   2  0  0  0  0  0/0     6:17   0:00   0:00 
Nathan Beaulieu          0  0  0   1  2   0  3  0  0  0  0/0    16:09   0:00   0:12 
Nathan MacKinnon         0  2  2   2  0   5  1  0  0  0  1/1    21:23   0:28   0:00 
Nikolaj Ehlers           2  0  2   2  0   5  2  0  0  0  0/0    20:02   0:00   0:00 
Phillip Danault          0  2  2   1  0   4  0  0  0  0  15/25  20:21   0:00   1:20 
Seth Jones               2  1  3   2  0   3  4  1  0  0  0/0    23:50   0:28   1:05 
Shea Weber               0  1  1   2  0   1  0  0  0  0  0/0    24:25   0:28   1:40 
Zachary Werenski         0  0  0   0  0   1  2  1  0  0  0/0    19:37   0:00   0:31 

3 Stars

1 - Seth Jones (ANC)
2 - Nikolaj Ehlers (ANC)
3 - Nathan MacKinnon (ANC)

Power Play

TEXAS TOROS - 0 on 2 Attempt(s) - 0,00%
ANCHORAGE ACES - 1 on 1 Attempt(s) - 100,00%

Penalty Kill

TEXAS TOROS - 0 on 1 Attempt(s) - 0,00% - Score 0 goal in Penalty Kill
ANCHORAGE ACES - 2 on 2 Attempt(s) - 100,00% - Score 0 goal in Penalty Kill

Team Stat

TEXAS TOROS - Hits : 18 - Faceoff Wins : 28 - Blocked Shots : 12 - Penalty Minutes : 2
ANCHORAGE ACES - Hits : 20 - Faceoff Wins : 49 - Blocked Shots : 5 - Penalty Minutes : 4

Official

Referees : Ian Walsh and Chris Lee
Linesman : Pierre Racicot and Ryan Daisy

Game Notes

Artturi Lehkonen is injured at 17:40 of 3rd period (Broken Right Foot Toe)
Valtteri Filppula is injured at 19:07 of 3rd period (Right Leg)

Finance

Level 1 -- Attendance: 5427 (90,45%) -- Ticket Income 868 320 $
Level 2 -- Attendance: 4536 (90,72%) -- Ticket Income 571 536 $
Level 3 -- Attendance: 1859 (92,95%) -- Ticket Income 195 195 $
Level 4 -- Attendance: 3867 (96,68%) -- Ticket Income 239 754 $
Luxury Box -- Attendance: 1000 (100,00%) -- Ticket Income 280 000 $
Game was played at the Alaska Center.
Total Attendance: 16689 (92,72%)
Total Ticket Income: 2 154 805 $
Other Expense: 21 548 $
Total Income: 2 133 257 $

TEXAS TOROS

5 vs 5 Forward 
   Center                   Left Wing                Right Wing               Time % Phy DF OF 
 1 Nazem Kadri              Conor Sheary             Jake Virtanen            36     1   2  2  
 2 Valtteri Filppula        Brock McGinn             Denis Malgin             31     1   2  2  
 3 Mats Zuccarello          Sven Baertschi           Dale Weise               23     1   2  2  
 4 Taylor Raddysh           Morgan Klimchuk          Mats Zuccarello          10     1   2  2  

5 vs 5 Defense 
   Defense                  Defense                                           Time % Phy DF OF 
 1 Tyson Barrie             Madison Bowey                                     36     1   2  2  
 2 Braydon Coburn           Vince Dunn                                        31     1   2  2  
 3 Dante Fabbro             Thomas Schemitsch                                 23     1   2  2  
 4 Tyson Barrie             Madison Bowey                                     10     1   2  2  

PowerPlay Forward 
   Center                   Left Wing                Right Wing               Time % Phy DF OF 
 1 Dale Weise               Conor Sheary             Jake Virtanen            55     1   2  2  
 2 Valtteri Filppula        Brock McGinn             Denis Malgin             45     1   2  2  

PowerPlay Defense
   Defense                  Defense                                           Time % Phy DF OF 
 1 Tyson Barrie             Madison Bowey                                     55     1   2  2  
 2 Braydon Coburn           Vince Dunn                                        45     1   2  2  

Penalty Kill 4 Players Forward 
   Center                   Wing                     Time % Phy DF OF 
 1 Brock McGinn             Valtteri Filppula        55     1   2  2  
 2 Jake Virtanen            Conor Sheary             45     1   2  2  

Penalty Kill 4 Players Defense
   Defense                  Defense                  Time % Phy DF OF 
 1 Tyson Barrie             Madison Bowey            55     1   2  2  
 2 Braydon Coburn           Vince Dunn               45     1   2  2  

Penalty Kill - 3 Players Forward 
   Forward                                           Time % Phy DF OF 
 1 Jake Virtanen                                     55     1   2  2  
 2 Valtteri Filppula                                 45     1   2  2  

Penalty Kill - 3 Players Defense
   Defense                  Defense                  Time % Phy DF OF 
 1 Tyson Barrie             Madison Bowey            55     1   2  2  
 2 Braydon Coburn           Vince Dunn               45     1   2  2  

4 vs 4 Forward 
   Center                   Wing                     Time % Phy DF OF 
 1 Brock McGinn             Valtteri Filppula        55     1   2  2  
 2 Jake Virtanen            Conor Sheary             45     1   2  2  

4 vs 4 Defense
   Defense                  Defense                  Time % Phy DF OF 
 1 Tyson Barrie             Madison Bowey            55     1   2  2  
 2 Braydon Coburn           Vince Dunn               45     1   2  2  

Last Minutes Offensive
   Center                   Left Wing                Right Wing               Defense                  Defense                  
   Nazem Kadri              Conor Sheary             Jake Virtanen            Tyson Barrie             Madison Bowey            

Last Minutes Defensive
   Center                   Left Wing                Right Wing               Defense                  Defense                  
   Nazem Kadri              Conor Sheary             Jake Virtanen            Tyson Barrie             Madison Bowey            

Goaltenders
Starting : Cory Schneider           
Backup : Mikko Koskinen           

Extra Forwards
Normal : Conor Sheary, Dale Weise, Jake Virtanen - PP : Valtteri Filppula, Dale Weise - PK : Jake Virtanen
Extra Defensemen
Normal : Dante Fabbro, Thomas Schemitsch, Braydon Coburn - PP : Dante Fabbro - PK : Thomas Schemitsch, Braydon Coburn
Penalty Shots
Mats Zuccarello, Valtteri Filppula, Jake Virtanen, Conor Sheary, Brock McGinn
Custom OT Lines Forwards
Nazem Kadri, Valtteri Filppula, Jake Virtanen, Conor Sheary, Brock McGinn, Denis Malgin, Dale Weise, Mats Zuccarello, Sven Baertschi, Morgan Klimchuk
Custom OT Lines Defensemen
Tyson Barrie, Madison Bowey, Braydon Coburn, Vince Dunn, Dante Fabbro

Scratches
Dmitry Kulikov (Separated Right Shoulder Injury), John Quenneville (Healthy), Taro Hirose (Groin Injury)

ANCHORAGE ACES

5 vs 5 Forward 
   Center                   Left Wing                Right Wing               Time % Phy DF OF 
 1 Connor McDavid           Nikolaj Ehlers           Nathan MacKinnon         37     0   0  5  
 2 Phillip Danault          Chris Kreider            Jakob Silfverberg        33     0   1  4  
 3 Curtis Lazar             Artturi Lehkonen         Cal Clutterbuck          20     1   2  2  
 4 Jacob de la Rose         Nate Thompson            Michael Frolik           10     1   2  2  

5 vs 5 Defense 
   Defense                  Defense                                           Time % Phy DF OF 
 1 Shea Weber               Seth Jones                                        36     1   2  2  
 2 Zachary Werenski         Ben Chiarot                                       31     1   2  2  
 3 Carl Gunnarsson          Nathan Beaulieu                                   23     1   2  2  
 4 Shea Weber               Seth Jones                                        10     1   2  2  

PowerPlay Forward 
   Center                   Left Wing                Right Wing               Time % Phy DF OF 
 1 Nathan MacKinnon         Chris Kreider            Connor McDavid           55     0   0  5  
 2 Phillip Danault          Nikolaj Ehlers           Jakob Silfverberg        45     0   0  5  

PowerPlay Defense
   Defense                  Defense                                           Time % Phy DF OF 
 1 Shea Weber               Seth Jones                                        55     1   2  2  
 2 Zachary Werenski         Ben Chiarot                                       45     1   2  2  

Penalty Kill 4 Players Forward 
   Center                   Wing                     Time % Phy DF OF 
 1 Phillip Danault          Jakob Silfverberg        55     1   3  1  
 2 Jacob de la Rose         Cal Clutterbuck          45     1   3  1  

Penalty Kill 4 Players Defense
   Defense                  Defense                  Time % Phy DF OF 
 1 Seth Jones               Shea Weber               55     1   3  1  
 2 Ben Chiarot              Zachary Werenski         45     1   3  1  

Penalty Kill - 3 Players Forward 
   Forward                                           Time % Phy DF OF 
 1 Phillip Danault                                   55     0   5  0  
 2 Cal Clutterbuck                                   45     0   5  0  

Penalty Kill - 3 Players Defense
   Defense                  Defense                  Time % Phy DF OF 
 1 Seth Jones               Shea Weber               55     0   5  0  
 2 Nathan Beaulieu          Carl Gunnarsson          45     0   5  0  

4 vs 4 Forward 
   Center                   Wing                     Time % Phy DF OF 
 1 Connor McDavid           Nathan MacKinnon         55     1   2  2  
 2 Nikolaj Ehlers           Artturi Lehkonen         45     1   2  2  

4 vs 4 Defense
   Defense                  Defense                  Time % Phy DF OF 
 1 Shea Weber               Seth Jones               55     1   2  2  
 2 Carl Gunnarsson          Nathan Beaulieu          45     1   2  2  

Last Minutes Offensive
   Center                   Left Wing                Right Wing               Defense                  Defense                  
   Nathan MacKinnon         Nikolaj Ehlers           Connor McDavid           Shea Weber               Seth Jones               

Last Minutes Defensive
   Center                   Left Wing                Right Wing               Defense                  Defense                  
   Phillip Danault          Chris Kreider            Jakob Silfverberg        Shea Weber               Seth Jones               

Goaltenders
Starting : James Reimer             
Backup : Carey Price              

Extra Forwards
Normal : Curtis Lazar, Nathan MacKinnon, Connor McDavid - PP : Chris Kreider, Jakob Silfverberg - PK : Jacob de la Rose
Extra Defensemen
Normal : Seth Jones, Shea Weber, Zachary Werenski - PP : Seth Jones - PK : Ben Chiarot, Shea Weber
Penalty Shots
Curtis Lazar, Nathan MacKinnon, Connor McDavid, Chris Kreider, Jakob Silfverberg
Custom OT Lines Forwards
Nathan MacKinnon, Nikolaj Ehlers, Connor McDavid, Chris Kreider, Phillip Danault, Jakob Silfverberg, Artturi Lehkonen, Curtis Lazar, Jacob de la Rose, Michael Frolik
Custom OT Lines Defensemen
Seth Jones, Shea Weber, Zachary Werenski, Ben Chiarot, Carl Gunnarsson

Scratches
Joakim Ryan (Healthy), Robert Bortuzzo (Torso Injury)

% Time on Ice - TEXAS TOROS

Lines # - Real PCT - Wanted PCT - Time Play
Normal Forward
1 - 33% - 36% - 18:42
2 - 28% - 31% - 16:01
3 - 20% - 23% - 11:20
4 - 20% - 10% - 11:18
Normal Defense
1 - 33% - 36% - 19:03
2 - 32% - 31% - 18:35
3 - 28% - 23% - 16:02
4 - 6% - 10% - 3:41
PP Forward
1 - 68% - 55% - 1:29
2 - 32% - 45% - 0:42
PP Defense
1 - 68% - 55% - 1:29
2 - 32% - 45% - 0:42
PK Forward
1 - 100% - 55% - 0:28
2 - 0% - 45% - 0:00
PK Defense
1 - 21% - 55% - 0:06
2 - 79% - 45% - 0:22
PK3 Forward
1 - 0% - 55%
2 - 0% - 45%
PK3 Defense
1 - 0% - 55%
2 - 0% - 45%
44 Forward
1 - 0% - 55%
2 - 0% - 45%
44 Defense
1 - 0% - 55%
2 - 0% - 45%
Last Minute Offensive  - 0:00
Last Minute Defensive  - 0:00
Total
Forward - 60:00
Defense - 60:00

% Time on Ice - ANCHORAGE ACES

Lines # - Real PCT - Wanted PCT - Time Play
Normal Forward
1 - 35% - 37% - 20:02
2 - 33% - 33% - 19:01
3 - 21% - 20% - 12:01
4 - 11% - 10% - 6:17
Normal Defense
1 - 32% - 36% - 18:31
2 - 33% - 31% - 19:06
3 - 28% - 23% - 15:58
4 - 7% - 10% - 3:46
PP Forward
1 - 100% - 55% - 0:28
2 - 0% - 45% - 0:00
PP Defense
1 - 100% - 55% - 0:28
2 - 0% - 45% - 0:00
PK Forward
1 - 67% - 55% - 0:16
2 - 33% - 45% - 0:08
PK Defense
1 - 17% - 55% - 0:04
2 - 83% - 45% - 0:20
PK3 Forward
1 - 60% - 55% - 1:04
2 - 40% - 45% - 0:43
PK3 Defense
1 - 57% - 55% - 1:01
2 - 43% - 45% - 0:46
44 Forward
1 - 0% - 55%
2 - 0% - 45%
44 Defense
1 - 0% - 55%
2 - 0% - 45%
Last Minute Offensive  - 0:00
Last Minute Defensive  - 0:00
Total
Forward - 60:00
Defense - 60:00

Play-by-Play

1st period


0:01 of 1st period - Connor McDavid wins face-off versus Nazem Kadri in neutral zone.
0:10 of 1st period - Shot by Nathan MacKinnon.
0:10 of 1st period - Stopped by Cory Schneider without a rebound.
0:11 of 1st period - Chris Kreider wins face-off versus Valtteri Filppula in TEXAS TOROS zone.
0:12 of 1st period - Shot by Phillip Danault.
0:12 of 1st period - Stopped by Cory Schneider without a rebound.
0:13 of 1st period - Curtis Lazar wins face-off versus Mats Zuccarello in TEXAS TOROS zone.
0:13 of 1st period - Artturi Lehkonen is hit by Thomas Schemitsch and loses puck.
0:24 of 1st period - Shot by Sven Baertschi.
0:24 of 1st period - Deflect By Mats Zuccarello.
0:24 of 1st period - Shot Blocked by Carl Gunnarsson.
0:34 of 1st period - Shot by Artturi Lehkonen.
0:34 of 1st period - Shot Blocked by Dante Fabbro.
1:50 of 1st period - Shot by Nazem Kadri.
1:50 of 1st period - Shot Blocked by Carl Gunnarsson.
2:14 of 1st period - Conor Sheary is hit by Carl Gunnarsson and loses puck.
2:31 of 1st period - Mats Zuccarello is hit by Cal Clutterbuck and loses puck.
2:53 of 1st period - Shot by Chris Kreider.
2:53 of 1st period - Stopped by Cory Schneider without a rebound.
2:54 of 1st period - Valtteri Filppula wins face-off versus Connor McDavid in TEXAS TOROS zone.
3:16 of 1st period - Off-side.
3:17 of 1st period - Dale Weise wins face-off versus Phillip Danault in neutral zone.
3:56 of 1st period - Shot by Jakob Silfverberg.
3:56 of 1st period - Shot Misses the Net.
4:15 of 1st period - Phillip Danault is hit by Thomas Schemitsch and loses puck.
4:29 of 1st period - Connor McDavid is hit by Thomas Schemitsch.
5:00 of 1st period - Icing by Dante Fabbro.
5:01 of 1st period - Jacob de la Rose wins face-off versus Conor Sheary in TEXAS TOROS zone.
5:19 of 1st period - Nazem Kadri is hit by Seth Jones and loses puck.
5:43 of 1st period - Icing by Denis Malgin.
5:44 of 1st period - Valtteri Filppula wins face-off versus Phillip Danault in TEXAS TOROS zone.
6:06 of 1st period - Shot by Denis Malgin.
6:06 of 1st period - Shot Misses the Net.
6:16 of 1st period - Shot by Denis Malgin.
6:16 of 1st period - Shot Misses the Net.
6:39 of 1st period - Shot by Tyson Barrie.
6:39 of 1st period - Shot Blocked by Zachary Werenski.
6:41 of 1st period - Shot by Tyson Barrie.
6:41 of 1st period - Goal by Tyson Barrie - TEXAS TOROS : 1 - ANCHORAGE ACES : 0.
6:42 of 1st period - Connor McDavid wins face-off versus Mats Zuccarello in neutral zone.
6:45 of 1st period - Tyson Barrie is hit by Connor McDavid and loses puck.
6:52 of 1st period - Seth Jones is hit by Dale Weise and loses puck.
7:01 of 1st period - Shot by Mats Zuccarello.
7:01 of 1st period - Stopped by James Reimer with a rebound.
7:03 of 1st period - Shot by Sven Baertschi.
7:03 of 1st period - Shot Misses the Net.
7:15 of 1st period - Mats Zuccarello is hit by Nathan MacKinnon and loses puck.
7:22 of 1st period - Shot by Nathan MacKinnon.
7:22 of 1st period - Shot Misses the Net.
7:46 of 1st period - Nate Thompson is hit by Nazem Kadri.
9:17 of 1st period - Shot by Connor McDavid.
9:17 of 1st period - Stopped by Cory Schneider without a rebound.
9:18 of 1st period - Curtis Lazar wins face-off versus Taylor Raddysh in TEXAS TOROS zone.
9:43 of 1st period - Shot by Artturi Lehkonen.
9:43 of 1st period - Stopped by Cory Schneider with a rebound.
9:45 of 1st period - Shot by Artturi Lehkonen.
9:45 of 1st period - Stopped by Cory Schneider with a rebound.
10:25 of 1st period - Shot by Nathan MacKinnon.
10:25 of 1st period - Deflect By Connor McDavid.
10:25 of 1st period - Stopped by Cory Schneider with a rebound.
10:27 of 1st period - Shot by Carl Gunnarsson.
10:27 of 1st period - Stopped by Cory Schneider without a rebound.
10:28 of 1st period - Phillip Danault wins face-off versus Nazem Kadri in TEXAS TOROS zone.
10:33 of 1st period - Shot by Jakob Silfverberg.
10:33 of 1st period - Stopped by Cory Schneider with a rebound.
10:35 of 1st period - Shot by Ben Chiarot.
10:35 of 1st period - Shot Misses the Net.
10:40 of 1st period - Icing by Conor Sheary.
10:41 of 1st period - Connor McDavid wins face-off versus Nazem Kadri in TEXAS TOROS zone.
10:52 of 1st period - Shot by Nikolaj Ehlers.
10:52 of 1st period - Shot Misses the Net.
12:03 of 1st period - Shot by Denis Malgin.
12:03 of 1st period - Shot Blocked by Ben Chiarot.
14:05 of 1st period - Shot by Conor Sheary.
14:05 of 1st period - Stopped by James Reimer without a rebound.
14:06 of 1st period - Curtis Lazar wins face-off versus Valtteri Filppula in ANCHORAGE ACES zone.
14:16 of 1st period - Shot by Cal Clutterbuck.
14:16 of 1st period - Shot Misses the Net.
15:05 of 1st period - Shot by Shea Weber.
15:05 of 1st period - Shot Misses the Net.
16:15 of 1st period - Shot by Chris Kreider.
16:15 of 1st period - Deflect By Jakob Silfverberg.
16:15 of 1st period - Stopped by Cory Schneider with a rebound.
16:17 of 1st period - Shot by Phillip Danault.
16:17 of 1st period - Stopped by Cory Schneider with a rebound.
16:19 of 1st period - Shot by Phillip Danault.
16:19 of 1st period - Deflect By Chris Kreider.
16:19 of 1st period - Shot Blocked by Thomas Schemitsch.
18:33 of 1st period - Shot by Phillip Danault.
18:33 of 1st period - Shot Blocked by Tyson Barrie.
18:35 of 1st period - Shot by Phillip Danault.
18:35 of 1st period - Stopped by Cory Schneider without a rebound.
18:36 of 1st period - Connor McDavid wins face-off versus Valtteri Filppula in TEXAS TOROS zone.
18:54 of 1st period - Icing by Denis Malgin.
18:55 of 1st period - Denis Malgin wins face-off versus Phillip Danault in TEXAS TOROS zone.
18:55 of 1st period - Denis Malgin is hit by Chris Kreider.
19:20 of 1st period - Valtteri Filppula is hit by Zachary Werenski and loses puck.
19:52 of 1st period - Shot by Connor McDavid.
19:52 of 1st period - Stopped by Cory Schneider with a rebound.
Goals for this period are 1 for TEXAS TOROS vs 0 for ANCHORAGE ACES.
Shots for this period are 3 for TEXAS TOROS vs 13 for ANCHORAGE ACES.

2nd period


0:01 of 2nd period - Connor McDavid wins face-off versus Nazem Kadri in neutral zone.
0:08 of 2nd period - Shot by Nathan MacKinnon.
0:08 of 2nd period - Stopped by Cory Schneider with a rebound.
0:10 of 2nd period - Shot by Nikolaj Ehlers.
0:10 of 2nd period - Shot Blocked by Madison Bowey.
0:12 of 2nd period - Shot by Nikolaj Ehlers.
0:12 of 2nd period - Stopped by Cory Schneider without a rebound.
0:13 of 2nd period - Phillip Danault wins face-off versus Mats Zuccarello in TEXAS TOROS zone.
0:31 of 2nd period - Shot by Sven Baertschi.
0:31 of 2nd period - Stopped by James Reimer without a rebound.
0:32 of 2nd period - Nazem Kadri wins face-off versus Connor McDavid in ANCHORAGE ACES zone.
0:32 of 2nd period - Nazem Kadri is hit by Zachary Werenski.
0:46 of 2nd period - Shot by Nazem Kadri.
0:46 of 2nd period - Stopped by James Reimer without a rebound.
0:47 of 2nd period - Phillip Danault wins face-off versus Valtteri Filppula in ANCHORAGE ACES zone.
0:47 of 2nd period - Phillip Danault is hit by Brock McGinn.
1:15 of 2nd period - Shot by Phillip Danault.
1:15 of 2nd period - Deflect By Chris Kreider.
1:15 of 2nd period - Shot Misses the Net.
2:21 of 2nd period - Shot by Tyson Barrie.
2:21 of 2nd period - Stopped by James Reimer with a rebound.
2:46 of 2nd period - Icing by Ben Chiarot.
2:47 of 2nd period - Curtis Lazar wins face-off versus Taylor Raddysh in ANCHORAGE ACES zone.
2:47 of 2nd period - Curtis Lazar is hit by Morgan Klimchuk.
3:03 of 2nd period - Shot by Artturi Lehkonen.
3:03 of 2nd period - Stopped by Cory Schneider without a rebound.
3:04 of 2nd period - Valtteri Filppula wins face-off versus Michael Frolik in TEXAS TOROS zone.
3:17 of 2nd period - Shot by Brock McGinn.
3:17 of 2nd period - Deflect By Denis Malgin.
3:17 of 2nd period - Stopped by James Reimer with a rebound.
3:37 of 2nd period - Shot by Nate Thompson.
3:37 of 2nd period - Stopped by Cory Schneider without a rebound.
3:38 of 2nd period - Conor Sheary wins face-off versus Connor McDavid in TEXAS TOROS zone.
3:52 of 2nd period - Icing by Ben Chiarot.
3:53 of 2nd period - Connor McDavid wins face-off versus Sven Baertschi in ANCHORAGE ACES zone.
4:08 of 2nd period - Shot by Sven Baertschi.
4:08 of 2nd period - Stopped by James Reimer without a rebound.
4:09 of 2nd period - Nazem Kadri wins face-off versus Phillip Danault in ANCHORAGE ACES zone.
4:21 of 2nd period - Shot by Nazem Kadri.
4:21 of 2nd period - Shot Blocked by Seth Jones.
5:02 of 2nd period - Off-side.
5:03 of 2nd period - Valtteri Filppula wins face-off versus Connor McDavid in neutral zone.
5:26 of 2nd period - Shot by Brock McGinn.
5:26 of 2nd period - Stopped by James Reimer without a rebound.
5:27 of 2nd period - Mats Zuccarello wins face-off versus Curtis Lazar in ANCHORAGE ACES zone.
5:27 of 2nd period - Dale Weise is hit by Nathan Beaulieu and loses puck.
6:35 of 2nd period - Shot by Nikolaj Ehlers.
6:35 of 2nd period - Shot Hit the Post.
6:37 of 2nd period - Shot by Seth Jones.
6:37 of 2nd period - Shot Blocked by Madison Bowey.
6:39 of 2nd period - Shot by Nikolaj Ehlers.
6:39 of 2nd period - Goal by Nikolaj Ehlers - TEXAS TOROS : 1 - ANCHORAGE ACES : 1.
6:40 of 2nd period - Valtteri Filppula wins face-off versus Chris Kreider in neutral zone.
6:42 of 2nd period - Denis Malgin is hit by Chris Kreider and loses puck.
6:47 of 2nd period - Jakob Silfverberg is hit by Brock McGinn and loses puck.
7:00 of 2nd period - Brock McGinn is hit by Chris Kreider and loses puck.
7:43 of 2nd period - Shot by Mats Zuccarello.
7:43 of 2nd period - Deflect By Morgan Klimchuk.
7:43 of 2nd period - Stopped by James Reimer with a rebound.
9:10 of 2nd period - Icing by Braydon Coburn.
9:11 of 2nd period - Curtis Lazar wins face-off versus Valtteri Filppula in TEXAS TOROS zone.
11:02 of 2nd period - Off-side.
11:03 of 2nd period - Phillip Danault wins face-off versus Nazem Kadri in neutral zone.
11:07 of 2nd period - Off-side.
11:08 of 2nd period - Nazem Kadri wins face-off versus Phillip Danault in neutral zone.
11:45 of 2nd period - Shot by Chris Kreider.
11:45 of 2nd period - Stopped by Cory Schneider without a rebound.
11:46 of 2nd period - Connor McDavid wins face-off versus Morgan Klimchuk in TEXAS TOROS zone.
11:50 of 2nd period - Nikolaj Ehlers is hit by Tyson Barrie and loses puck.
12:29 of 2nd period - Shot by Connor McDavid.
12:29 of 2nd period - Stopped by Cory Schneider without a rebound.
12:30 of 2nd period - Curtis Lazar wins face-off versus Valtteri Filppula in TEXAS TOROS zone.
12:51 of 2nd period - Shot by Curtis Lazar.
12:51 of 2nd period - Shot Misses the Net.
13:35 of 2nd period - Shot by Phillip Danault.
13:35 of 2nd period - Shot Misses the Net.
13:37 of 2nd period - Shot by Jakob Silfverberg.
13:37 of 2nd period - Stopped by Cory Schneider with a rebound.
13:49 of 2nd period - Shot by Jakob Silfverberg.
13:49 of 2nd period - Goal by Jakob Silfverberg - TEXAS TOROS : 1 - ANCHORAGE ACES : 2.
13:50 of 2nd period - Nazem Kadri wins face-off versus Connor McDavid in neutral zone.
14:25 of 2nd period - Shot by Nathan MacKinnon.
14:25 of 2nd period - Stopped by Cory Schneider without a rebound.
14:26 of 2nd period - Phillip Danault wins face-off versus Mats Zuccarello in TEXAS TOROS zone.
14:43 of 2nd period - Shot by Chris Kreider.
14:43 of 2nd period - Shot Misses the Net.
14:45 of 2nd period - Shot by Ben Chiarot.
14:45 of 2nd period - Shot Misses the Net.
14:47 of 2nd period - Shot by Phillip Danault.
14:47 of 2nd period - Shot Blocked by Dante Fabbro.
14:49 of 2nd period - Shot by Jakob Silfverberg.
14:49 of 2nd period - Stopped by Cory Schneider without a rebound.
14:50 of 2nd period - Curtis Lazar wins face-off versus Taylor Raddysh in TEXAS TOROS zone.
15:15 of 2nd period - Madison Bowey is hit by Cal Clutterbuck.
15:21 of 2nd period - Shot by Artturi Lehkonen.
15:21 of 2nd period - Stopped by Cory Schneider with a rebound.
15:55 of 2nd period - Shot by Conor Sheary.
15:55 of 2nd period - Shot Misses the Net.
15:57 of 2nd period - Shot by Nazem Kadri.
15:57 of 2nd period - Stopped by James Reimer with a rebound.
15:59 of 2nd period - Shot by Nazem Kadri.
15:59 of 2nd period - Shot Misses the Net.
16:01 of 2nd period - Shot by Nazem Kadri.
16:01 of 2nd period - Shot Misses the Net.
16:07 of 2nd period - Shot by Nazem Kadri.
16:07 of 2nd period - Shot Misses the Net.
16:09 of 2nd period - Shot by Nazem Kadri.
16:09 of 2nd period - Stopped by James Reimer without a rebound.
16:10 of 2nd period - Phillip Danault wins face-off versus Valtteri Filppula in ANCHORAGE ACES zone.
16:26 of 2nd period - Chris Kreider is hit by Braydon Coburn and loses puck.
16:44 of 2nd period - Minor Penalty to Nathan Beaulieu for Hooking.
16:45 of 2nd period - Phillip Danault wins face-off versus Dale Weise in ANCHORAGE ACES zone.
16:56 of 2nd period - Shot by Tyson Barrie.
16:56 of 2nd period - Stopped by James Reimer without a rebound.
16:56 of 2nd period - Minor Penalty to James Reimer for Slashing.
16:57 of 2nd period - Phillip Danault wins face-off versus Dale Weise in ANCHORAGE ACES zone.
17:24 of 2nd period - Icing by Jake Virtanen.
17:25 of 2nd period - Dale Weise wins face-off versus Phillip Danault in TEXAS TOROS zone.
18:51 of 2nd period - Shot by Tyson Barrie.
18:51 of 2nd period - Shot Misses the Net.
19:13 of 2nd period - Shot by Nikolaj Ehlers.
19:13 of 2nd period - Goal by Nikolaj Ehlers - TEXAS TOROS : 1 - ANCHORAGE ACES : 3.
19:14 of 2nd period - Jacob de la Rose wins face-off versus Mats Zuccarello in neutral zone.
19:29 of 2nd period - Icing by Braydon Coburn.
19:30 of 2nd period - Connor McDavid wins face-off versus Mats Zuccarello in TEXAS TOROS zone.
19:31 of 2nd period - Shot by Nathan MacKinnon.
19:31 of 2nd period - Shot Misses the Net.
19:33 of 2nd period - Shot by Ben Chiarot.
19:33 of 2nd period - Shot Misses the Net.
19:35 of 2nd period - Shot by Connor McDavid.
19:35 of 2nd period - Deflect By Nathan MacKinnon.
19:35 of 2nd period - Stopped by Cory Schneider without a rebound.
19:36 of 2nd period - Connor McDavid wins face-off versus Taylor Raddysh in TEXAS TOROS zone.
Goals for this period are 0 for TEXAS TOROS vs 3 for ANCHORAGE ACES.
Shots for this period are 10 for TEXAS TOROS vs 14 for ANCHORAGE ACES.

3rd period


0:01 of 3rd period - Nazem Kadri wins face-off versus Connor McDavid in neutral zone.
0:31 of 3rd period - Connor McDavid is hit by Madison Bowey and loses puck.
1:34 of 3rd period - Zachary Werenski is hit by Dale Weise and loses puck.
2:32 of 3rd period - Shot by Cal Clutterbuck.
2:32 of 3rd period - Stopped by Cory Schneider with a rebound.
2:53 of 3rd period - Shot by Connor McDavid.
2:53 of 3rd period - Shot Misses the Net.
3:03 of 3rd period - Shot by Nathan MacKinnon.
3:03 of 3rd period - Deflect By Connor McDavid.
3:03 of 3rd period - Shot Blocked by Madison Bowey.
3:09 of 3rd period - Shot by Nathan MacKinnon.
3:09 of 3rd period - Shot Misses the Net.
3:11 of 3rd period - Shot by Connor McDavid.
3:11 of 3rd period - Shot Blocked by Tyson Barrie.
3:13 of 3rd period - Shot by Connor McDavid.
3:13 of 3rd period - Shot Misses the Net.
3:51 of 3rd period - Shot by Nate Thompson.
3:51 of 3rd period - Stopped by Cory Schneider with a rebound.
3:53 of 3rd period - Shot by Ben Chiarot.
3:53 of 3rd period - Shot Hit the Post.
3:55 of 3rd period - Shot by Ben Chiarot.
3:55 of 3rd period - Stopped by Cory Schneider without a rebound.
3:56 of 3rd period - Phillip Danault wins face-off versus Nazem Kadri in TEXAS TOROS zone.
3:56 of 3rd period - Jakob Silfverberg is hit by Braydon Coburn and loses puck.
4:01 of 3rd period - Shot by Jakob Silfverberg.
4:01 of 3rd period - Deflect By Chris Kreider.
4:01 of 3rd period - Stopped by Cory Schneider without a rebound.
4:02 of 3rd period - Phillip Danault wins face-off versus Nazem Kadri in TEXAS TOROS zone.
4:03 of 3rd period - Shot by Chris Kreider.
4:03 of 3rd period - Shot Misses the Net.
4:05 of 3rd period - Shot by Carl Gunnarsson.
4:05 of 3rd period - Stopped by Cory Schneider without a rebound.
4:06 of 3rd period - Nazem Kadri wins face-off versus Phillip Danault in TEXAS TOROS zone.
4:23 of 3rd period - Shot by Conor Sheary.
4:23 of 3rd period - Stopped by James Reimer without a rebound.
4:24 of 3rd period - Valtteri Filppula wins face-off versus Connor McDavid in ANCHORAGE ACES zone.
4:24 of 3rd period - Valtteri Filppula is hit by Nathan Beaulieu.
4:29 of 3rd period - Denis Malgin is hit by Nathan Beaulieu and loses puck.
4:36 of 3rd period - Shot by Brock McGinn.
4:36 of 3rd period - Stopped by James Reimer without a rebound.
4:37 of 3rd period - Chris Kreider wins face-off versus Nazem Kadri in ANCHORAGE ACES zone.
4:41 of 3rd period - Off-side.
4:42 of 3rd period - Nazem Kadri wins face-off versus Connor McDavid in neutral zone.
4:49 of 3rd period - Shot by Connor McDavid.
4:49 of 3rd period - Stopped by Cory Schneider without a rebound.
4:50 of 3rd period - Nazem Kadri wins face-off versus Connor McDavid in TEXAS TOROS zone.
4:57 of 3rd period - Shot by Nathan MacKinnon.
4:57 of 3rd period - Shot Blocked by Jake Virtanen.
4:59 of 3rd period - Shot by Nikolaj Ehlers.
4:59 of 3rd period - Deflect By Nathan MacKinnon.
4:59 of 3rd period - Shot Misses the Net.
5:01 of 3rd period - Shot by Shea Weber.
5:01 of 3rd period - Shot Misses the Net.
5:03 of 3rd period - Shot by Seth Jones.
5:03 of 3rd period - Stopped by Cory Schneider without a rebound.
5:04 of 3rd period - Mats Zuccarello wins face-off versus Phillip Danault in TEXAS TOROS zone.
5:37 of 3rd period - Jakob Silfverberg is hit by Thomas Schemitsch.
5:51 of 3rd period - Shot by Phillip Danault.
5:51 of 3rd period - Stopped by Cory Schneider without a rebound.
5:52 of 3rd period - Nazem Kadri wins face-off versus Connor McDavid in TEXAS TOROS zone.
5:52 of 3rd period - Nazem Kadri is hit by Nikolaj Ehlers.
6:52 of 3rd period - Icing by Brock McGinn.
6:53 of 3rd period - Phillip Danault wins face-off versus Valtteri Filppula in TEXAS TOROS zone.
7:09 of 3rd period - Icing by Denis Malgin.
7:10 of 3rd period - Curtis Lazar wins face-off versus Valtteri Filppula in TEXAS TOROS zone.
7:36 of 3rd period - Icing by Vince Dunn.
7:37 of 3rd period - Phillip Danault wins face-off versus Valtteri Filppula in TEXAS TOROS zone.
7:42 of 3rd period - Shot by Jakob Silfverberg.
7:42 of 3rd period - Shot Misses the Net.
9:28 of 3rd period - Icing by Carl Gunnarsson.
9:29 of 3rd period - Connor McDavid wins face-off versus Mats Zuccarello in ANCHORAGE ACES zone.
9:44 of 3rd period - Icing by Nathan MacKinnon.
9:45 of 3rd period - Connor McDavid wins face-off versus Taylor Raddysh in ANCHORAGE ACES zone.
9:50 of 3rd period - Dante Fabbro is hit by Nikolaj Ehlers and loses puck.
10:07 of 3rd period - Shot by Artturi Lehkonen.
10:07 of 3rd period - Shot Misses the Net.
10:09 of 3rd period - Shot by Shea Weber.
10:09 of 3rd period - Stopped by Cory Schneider with a rebound.
10:11 of 3rd period - Shot by Cal Clutterbuck.
10:11 of 3rd period - Stopped by Cory Schneider without a rebound.
10:12 of 3rd period - Nazem Kadri wins face-off versus Phillip Danault in TEXAS TOROS zone.
10:14 of 3rd period - Icing by Conor Sheary.
10:15 of 3rd period - Nazem Kadri wins face-off versus Jakob Silfverberg in TEXAS TOROS zone.
10:25 of 3rd period - Shot by Nazem Kadri.
10:25 of 3rd period - Stopped by James Reimer without a rebound.
10:26 of 3rd period - Mats Zuccarello wins face-off versus Curtis Lazar in ANCHORAGE ACES zone.
10:36 of 3rd period - Mats Zuccarello is hit by Seth Jones and loses puck.
11:02 of 3rd period - Mats Zuccarello is hit by Seth Jones and loses puck.
11:12 of 3rd period - Icing by Seth Jones.
11:13 of 3rd period - Nazem Kadri wins face-off versus Artturi Lehkonen in ANCHORAGE ACES zone.
11:13 of 3rd period - Nazem Kadri is hit by Seth Jones.
11:21 of 3rd period - Shot by Nazem Kadri.
11:21 of 3rd period - Stopped by James Reimer with a rebound.
11:29 of 3rd period - Shea Weber is hit by Nazem Kadri and loses puck.
11:42 of 3rd period - Off-side.
11:43 of 3rd period - Connor McDavid wins face-off versus Valtteri Filppula in neutral zone.
12:00 of 3rd period - Shot by Nathan MacKinnon.
12:00 of 3rd period - Deflect By Connor McDavid.
12:00 of 3rd period - Shot Blocked by Vince Dunn.
12:02 of 3rd period - Shot by Nikolaj Ehlers.
12:02 of 3rd period - Stopped by Cory Schneider without a rebound.
12:03 of 3rd period - Phillip Danault wins face-off versus Mats Zuccarello in TEXAS TOROS zone.
12:21 of 3rd period - Shot by Chris Kreider.
12:21 of 3rd period - Stopped by Cory Schneider without a rebound.
12:22 of 3rd period - Nazem Kadri wins face-off versus Connor McDavid in TEXAS TOROS zone.
13:01 of 3rd period - Shot by Nazem Kadri.
13:01 of 3rd period - Stopped by James Reimer without a rebound.
13:02 of 3rd period - Phillip Danault wins face-off versus Mats Zuccarello in ANCHORAGE ACES zone.
13:02 of 3rd period - Phillip Danault is hit by Dale Weise.
13:07 of 3rd period - Icing by Seth Jones.
13:08 of 3rd period - Phillip Danault wins face-off versus Mats Zuccarello in ANCHORAGE ACES zone.
13:21 of 3rd period - Shot by Seth Jones.
13:21 of 3rd period - Goal by Seth Jones - TEXAS TOROS : 1 - ANCHORAGE ACES : 4.
13:22 of 3rd period - Connor McDavid wins face-off versus Denis Malgin in neutral zone.
13:27 of 3rd period - Shot by Connor McDavid.
13:27 of 3rd period - Deflect By Nathan MacKinnon.
13:27 of 3rd period - Stopped by Cory Schneider without a rebound.
13:28 of 3rd period - Connor McDavid wins face-off versus Nazem Kadri in TEXAS TOROS zone.
13:29 of 3rd period - Shot by Nikolaj Ehlers.
13:29 of 3rd period - Stopped by Cory Schneider without a rebound.
13:29 of 3rd period - Minor Penalty to Madison Bowey for Holding.
13:30 of 3rd period - Nathan MacKinnon wins face-off versus Brock McGinn in TEXAS TOROS zone.
13:51 of 3rd period - Shot by Connor McDavid.
13:51 of 3rd period - Shot Misses the Net.
13:53 of 3rd period - Shot by Shea Weber.
13:53 of 3rd period - Shot Misses the Net.
13:55 of 3rd period - Shot by Nathan MacKinnon.
13:55 of 3rd period - Shot Misses the Net.
13:57 of 3rd period - Shot by Seth Jones.
13:57 of 3rd period - Goal by Seth Jones - TEXAS TOROS : 1 - ANCHORAGE ACES : 5.
13:58 of 3rd period - Jacob de la Rose wins face-off versus Nazem Kadri in neutral zone.
14:11 of 3rd period - Shot by Ben Chiarot.
14:11 of 3rd period - Shot Misses the Net.
14:23 of 3rd period - Shot by Zachary Werenski.
14:23 of 3rd period - Stopped by Cory Schneider without a rebound.
14:24 of 3rd period - Connor McDavid wins face-off versus Mats Zuccarello in TEXAS TOROS zone.
14:44 of 3rd period - Icing by Vince Dunn.
14:45 of 3rd period - Mats Zuccarello wins face-off versus Phillip Danault in TEXAS TOROS zone.
14:58 of 3rd period - Shot by Mats Zuccarello.
14:58 of 3rd period - Stopped by James Reimer with a rebound.
15:55 of 3rd period - Shot by Conor Sheary.
15:55 of 3rd period - Stopped by James Reimer with a rebound.
16:29 of 3rd period - Icing by Shea Weber.
16:30 of 3rd period - Connor McDavid wins face-off versus Taylor Raddysh in ANCHORAGE ACES zone.
16:30 of 3rd period - Connor McDavid is hit by Taylor Raddysh.
17:34 of 3rd period - Shot by Cal Clutterbuck.
17:34 of 3rd period - Stopped by Cory Schneider without a rebound.
17:35 of 3rd period - Jacob de la Rose wins face-off versus Nazem Kadri in TEXAS TOROS zone.
17:38 of 3rd period - Shot by Ben Chiarot.
17:38 of 3rd period - Stopped by Cory Schneider without a rebound.
17:39 of 3rd period - Curtis Lazar wins face-off versus Nazem Kadri in TEXAS TOROS zone.
17:39 of 3rd period - Artturi Lehkonen is hit by Madison Bowey.
17:40 of 3rd period - Artturi Lehkonen from ANCHORAGE ACES is injured at 17:40 of 3rd period (Broken Right Foot Toe).
17:41 of 3rd period - Curtis Lazar wins face-off versus Nazem Kadri in TEXAS TOROS zone.
18:28 of 3rd period - Nazem Kadri is hit by Cal Clutterbuck and loses puck.
18:57 of 3rd period - Shot by Jakob Silfverberg.
18:57 of 3rd period - Shot Misses the Net.
18:59 of 3rd period - Shot by Phillip Danault.
18:59 of 3rd period - Shot Misses the Net.
19:01 of 3rd period - Shot by Chris Kreider.
19:01 of 3rd period - Shot Misses the Net.
19:03 of 3rd period - Shot by Seth Jones.
19:03 of 3rd period - Shot Misses the Net.
19:05 of 3rd period - Shot by Shea Weber.
19:05 of 3rd period - Shot Blocked by Valtteri Filppula.
19:07 of 3rd period - Shot by Shea Weber.
19:07 of 3rd period - Shot Blocked by Valtteri Filppula.
19:07 of 3rd period - Valtteri Filppula from TEXAS TOROS is injured at 19:07 of 3rd period (Right Leg).
19:08 of 3rd period - Mats Zuccarello wins face-off versus Jacob de la Rose in TEXAS TOROS zone.
19:17 of 3rd period - Shot by Mats Zuccarello.
19:17 of 3rd period - Stopped by James Reimer without a rebound.
19:18 of 3rd period - Jacob de la Rose wins face-off versus Taylor Raddysh in ANCHORAGE ACES zone.
19:38 of 3rd period - Shot by Michael Frolik.
19:38 of 3rd period - Stopped by Cory Schneider with a rebound.
Goals for this period are 0 for TEXAS TOROS vs 2 for ANCHORAGE ACES.
Shots for this period are 8 for TEXAS TOROS vs 20 for ANCHORAGE ACES.


NATHAN
MACKINNON
PHILLIP
DANAULT
CONNOR
MCDAVID

EAST COAST

HOCKEY LEAGUE

  • 25.QUE4CHI5
  • 26.CHA2LIM3
  • 27.TRV2LON3
  • 28.CHW4BAL2
  • 29.PITMAN
  • 30.ATLNHW
  • 31.WORPET
  • 32.RHI